 Dungeon Crawl Stone Soup version 0.28.0 (webtiles) character file.

Game seed: 2722135254163737920

51 Sanktem7 the Skirmisher (level 3, 0/34 HPs)
             Began as a Minotaur Fighter on Feb 9, 2022.
             Slain by a kobold (1 damage)
             ... in a sewer.
             The game lasted 00:02:23 (1342 turns).

Sanktem7 the Skirmisher (Minotaur Fighter)          Turns: 1342, Time: 00:02:24

Health: 0/34       AC:  7    Str: 22    XL:     3   Next: 57%
Magic:  2/2        EV:  9    Int:  5    God:
Gold:   76         SH:  4    Dex:  9    Spells: 2/2 levels left

rFire   . . .      SeeInvis .   a - +0 long sword
rCold   . . .      Faith    .   c - +0 buckler
rNeg    . . .      Spirit   .   b - +0 scale mail
rPois   .          Reflect  .   (helmet restricted)
rElec   .          Harm     .   (no cloak)
rCorr   .          Rampage  .   (no gloves)
Will    .....                   (no boots)
Stlth   ..........              (no amulet)
HPRegen 0.11/turn               (no ring)
MPRegen 0.08/turn               (no ring)

@: lethally poisoned (0 -> -1), slowed, very slow
A: horns 2, retaliatory headbutt
a: no special abilities


You were in a sewer.
You visited 1 branch of the dungeon, and saw 3 of its levels.
You also visited: Sewer.

You collected 76 gold pieces.

Inventory:

Hand Weapons
 a - a +0 long sword (weapon)
Armour
 b - a +0 scale mail (worn)
 c - a +0 buckler (worn)
Jewellery
 m - a ring of resist corrosion
Scrolls
 e - a scroll of silence {unknown}
 g - 4 scrolls of teleportation {unknown}
 h - a scroll of blinking {unknown}
 i - a scroll of enchant weapon {unknown}
 l - a scroll of magic mapping {unknown}
 o - a scroll of fear {unknown}
Potions
 d - 2 potions of might
 f - a potion of cancellation {unknown}
 j - a potion of mutation {unknown}
 k - a potion of degeneration {unknown}
 n - a potion of ambrosia {unknown}


   Skills:
 + Level 4.5 Fighting
 + Level 3.3 Long Blades
 + Level 4.0 Armour
 + Level 0.3 Dodging
 + Level 3.8 Shields


You had 2 spell levels left.
You didn't know any spells.
Your spell library was empty.

Dungeon Overview and Level Annotations

Branches:
Dungeon (3/15)              Sewer (1/1)

Altars:


Innate Abilities, Weirdness & Mutations

You have a pair of horns on your head.
You reflexively headbutt those who attack you in melee.


Message History

You hit the worm.
The worm is severely wounded.
You slash the worm!
You kill the worm!
You enter the shallow water.
Moving in this stuff is going to be slow.
You enter the shallow water.
Moving in this stuff is going to be slow.
A kobold brigand and a kobold come into view.
The kobold brigand is wielding a +0 dagger and quivering curare-tipped darts.
The kobold is wielding a +0 short sword and quivering poisoned darts.
The kobold brigand shouts!
The kobold shouts!
The kobold throws a poisoned dart.
The poisoned dart hits you.
You are poisoned.
You feel sick.
The kobold brigand throws a curare-tipped dart.
The curare-tipped dart hits you.
You are more poisoned.
You have difficulty breathing.
You feel yourself slow down.
You feel extremely sick.
You feel very sick.
The kobold brigand hits you but does no damage.
The kobold barely misses you.
The kobold brigand hits you but does no damage.
The kobold hits you with a +0 short sword.
The kobold brigand hits you but does no damage.
You hit the kobold brigand.
The kobold brigand is lightly wounded.
You feel sick. The kobold barely misses you.
The kobold brigand hits you with a +0 dagger.
* * * LOW HITPOINT WARNING * * *
The kobold hits you but does no damage.
The kobold brigand splashes around in the water.
Your unstable footing causes you to fumble your attack.
* * * LOW HITPOINT WARNING * * *
You feel sick.
The kobold hits you with a +0 short sword.
* * * LOW HITPOINT WARNING * * *
The kobold brigand barely misses you.
The kobold hits you with a +0 short sword.
You die...

## ######
#. .#.#.#
#≈ ≈#≈#≈#
#≈ ≈#≈#≈#
#K#K#≈#†#
#.@.#≈≈≈#
##≈###≈##
#≈# #≈#
#≈###.#
#.≈.≈.#
##≈≈≈##
#≈≈.#
#.≈≈# ≈
#.≈.##
#.≈


You could see a kobold brigand and a kobold.

Vanquished Creatures
  2 worms
  A dart slug (D:1)
  An orc (D:3)
  3 ball pythons
  2 bats
  3 endoplasms (D:1)
  4 giant cockroaches
  6 hobgoblins
  6 jackals (D:1)
  4 kobolds
  4 rats
36 creatures vanquished.

Notes
Turn   | Place    | Note
-------+----------+-------------------------------------------
     0 | D:1      | Sanktem7 the Minotaur Fighter began the quest for the Orb.
     0 | D:1      | Reached XP level 1. HP: 19/19 MP: 0/0
   223 | D:1      | Reached XP level 2. HP: 27/27 MP: 1/1
   752 | D:2      | Reached XP level 3. HP: 34/34 MP: 2/2
  1256 | D:3      | Found a glowing drain.
  1271 | Sewer    | Entered a sewer
  1337 | Sewer    | Noticed a kobold brigand
  1342 | Sewer    | HP: 1/34 [kobold (2)]
  1342 | Sewer    | Slain by a kobold

Illustrated notes

Levels and vault maps discovered:
D:1:      lemuel_arrival_broad_hall, layout_loops_cross
D:2:      layout_rooms, serial_curves, eino_curves_04, eino_curves_04,
          grunt_ministairs_15, nrook_uturn
D:3:      layout_loops_ring, mainiacjoe_overflow_small_starburst,
          cheibrodos_sewer_entry_bend, serial_shops, shop,
          shapermc_ecumenical_altar_mp_vishouse
Sewer:    sewer_co_tree

Skill      XL: |  1  2  3 |
---------------+----------+-----
Fighting       | 4 |  4.5
Long Blades    | 3 |  3.3
Armour         | 4 |  4.0
Dodging        | |  0.3
Shields        | |  3.8

Action                   || total
-------------------------++-------
Melee: Long sword        ||    75
       Headbutt          ||     5
Armor: Scale mail        ||    35
Dodge: Dodged            ||    35
Block: Buckler           ||    15
